 Dungeon Crawl Stone Soup version 0.20-a0-993-gba41c3c (console) character file.

208986 vuev the Sorcerer (level 18, 0/85 HPs)
             Began as a Deep Elf Conjurer on Apr 11, 2017.
             Was the Champion of Vehumet.
             Slain by a tentacle (21 damage)
             ... attached to a kraken
             ... on level 2 of the Shoals.
             The game lasted 01:57:12 (36768 turns).

vuev the Sorcerer (Deep Elf Conjurer)              Turns: 36768, Time: 01:57:14

Health: 0/85       AC: 11    Str:  5    XL:     18   Next: 14%
Magic:  2/66       EV:  8    Int: 34    God:    Vehumet [******]
Gold:   2157       SH:  0    Dex: 15    Spells: 17/65 levels left

rFire    + . .     SeeInvis +   E - staff of conjuration
rCold    . . .     Gourm    +   (no shield)
rNeg     . . .     Faith    .   u - +1 robe "Reagheon" {+Fly rPois Regen+ SInv}
rPois    +         Spirit   .   U - +2 hat
rElec    .         Reflect  .   W - +2 cloak {rF+}
rCorr    .         Harm     .   C - +0 pair of gloves
MR       +....                  X - +1 pair of boots
Stlth    ++........             r - amulet of the Death Scarab {Gourm MP+9}
Regen    0.7/turn               v - +3 ring of intelligence
MPRegen  0.4/turn               z - ring of Petun {rPois MP+9 Int+2}

@: held
A: no striking features
}: 1/15 runes: serpentine
a: Renounce Religion, Evoke Flight


You were on level 2 of the Shoals.
You worshipped Vehumet.
Vehumet was exalted by your worship.
You were completely stuffed.

You visited 6 branches of the dungeon, and saw 28 of its levels.
You also visited: Labyrinth, Ice Cave and Volcano.

You collected 3201 gold pieces.
You spent 1044 gold pieces at shops.

Inventory:

Armour
 u - the +1 robe "Reagheon" (worn) {+Fly rPois Regen+ SInv}
   (You bought it in a shop on level 10 of the Dungeon)

   It protects you from poison.
   It lets you see invisible.
   It lets you fly.
   It increases your rate of regeneration.
 C - a +0 pair of gloves (worn)
 U - a +2 hat (worn)
 W - a +2 cloak of fire resistance (worn)
 X - a +1 pair of boots (worn)
Magical Staves
 E - an uncursed staff of conjuration (weapon)
Jewellery
 f - a +6 ring of evasion
 r - the amulet of the Death Scarab (around neck) {Gourm MP+9}
   (You took it off a centaur warrior on level 12 of the Dungeon)

   [amulet of the gourmand]

   It allows you to eat raw meat even when not hungry.
   It affects your magic capacity (+9).
 t - the ring "Fiesis" {rElec rN+ EV+3}
   (You found it on level 6 of the Dungeon)

   [ring of evasion]

   It affects your evasion (+3).
   It insulates you from electricity.
   It protects you from negative energy.
 v - a +3 ring of intelligence (left hand)
 x - an uncursed ring of magical power
 y - an uncursed ring of wizardry
 z - the ring of Petun (right hand) {rPois MP+9 Int+2}
   (You found it in a labyrinth)

   [ring of intelligence]

   It affects your intelligence (+2).
   It protects you from poison.
   It affects your magic capacity (+9).
 B - an uncursed ring of resist corrosion
 F - an uncursed ring of protection from magic
Wands
 a - a wand of digging (15/24)
 D - a wand of lightning (6/15)
 G - a wand of digging (16/24)
 L - a wand of iceblast (13/15)
 Z - a wand of confusion (28/48)
Scrolls
 e - 7 scrolls of teleportation
 h - 12 scrolls of identify
 i - 5 scrolls of remove curse
 j - 3 scrolls of blinking
 k - 5 scrolls of amnesia
 m - 7 scrolls of fog
 n - 5 scrolls of enchant weapon
 o - 5 scrolls of recharging
 p - 4 scrolls of magic mapping
 H - a scroll of fear
 M - a scroll of immolation {unknown}
 R - a scroll of holy word
 T - a scroll of enchant armour
Potions
 d - 4 potions of flight
 s - 3 potions of curing
 I - a potion of invisibility
 K - a potion of might
 N - 2 potions of resistance
 S - 4 potions of brilliance
 V - a potion of experience {unknown}
Books
 b - a book of Conjurations

   Spells                             Type                      Level
   a - Magic Dart                     Conjuration                  1
   b - Searing Ray                    Conjuration                  2
   c - Dazzling Spray                 Conjuration/Hexes            3
   d - Fulminant Prism                Conjuration/Hexes            4
   e - Force Lance                    Conjuration/Translocation    4
   f - Iskenderun's Mystic Blast      Conjuration                  4
 w - a book of Necromancy

   Spells                             Type                      Level
   a - Pain                           Necromancy                   1
   b - Animate Skeleton               Necromancy                   1
   c - Vampiric Draining              Necromancy                   3
   d - Regeneration                   Charms/Necromancy            3
   e - Animate Dead                   Necromancy                   4
   f - Control Undead                 Necromancy                   4
 A - a book of Cantrips

   Spells                             Type                      Level
   a - Confusing Touch                Hexes                        1
   b - Animate Skeleton               Necromancy                   1
   c - Summon Small Mammal            Summoning                    1
   d - Apportation                    Translocation                1
 J - a book of the Tempests

   Spells                             Type                      Level
   a - Static Discharge               Conjuration/Air              3
   b - Lightning Bolt                 Conjuration/Air              5
   c - Ignition                       Fire                         8
   d - Tornado                        Air                          9
   e - Shatter                        Earth                        9
 Q - a book of Flames

   Spells                             Type                      Level
   a - Flame Tongue                   Conjuration/Fire             1
   b - Throw Flame                    Conjuration/Fire             2
   c - Conjure Flame                  Conjuration/Fire             3
   d - Inner Flame                    Hexes/Fire                   3
   e - Sticky Flame                   Conjuration/Fire             4
   f - Fireball                       Conjuration/Fire             5
Comestibles
 c - 23 fruits
 g - 9 royal jellies
 l - 13 meat rations
 O - 5 bread rations


   Skills:
 + Level 0.2 Fighting
   Level 2.0 Long Blades
 + Level 6.6 Dodging
 - Level 2.4 Stealth
 * Level 24.2 Spellcasting
 + Level 20.5 Conjurations
 - Level 0.4 Charms
 + Level 16.8 Fire Magic


You had 17 spell levels left.
You knew the following spells:

 Your Spells              Type           Power        Failure   Level  Hunger
a - Magic Dart            Conj           ####         0%          1    None
b - Fireball              Conj/Fire      ########..   0%          5    None
c - Searing Ray           Conj           ######       0%          2    None
e - Iskenderun's Mystic   Conj           ########     0%          4    None
f - Force Lance           Conj/Tloc      ########     1%          4    None
i - Ignition              Fire           ########..   1%          8    ##.....
p - Fulminant Prism       Conj/Hex       ########..   1%          4    None
r - Bolt of Fire          Conj/Fire      ########..   1%          6    None
s - Fire Storm            Conj/Fire      ########..   7%          9    ####...
t - Iskenderun's Battles  Conj/Chrm      ########     1%          5    None


Dungeon Overview and Level Annotations

Branches:
Dungeon (13/15)            Temple (1/1) D:7            Lair (6/6) D:11
 Shoals (2/4) Lair:3        Snake (4/4) Lair:3        Slime (0/5) Lair:6
    Orc (2/2) D:9             Elf (0/3) Orc:2        Vaults (0/5) D:13

Altars:
Cheibriados
Dithmenos
Fedhas
Gozag
Hepliaklqana
Kikubaaqudgha
Nemelex Xobeh
Okawaru
Qazlal
Ru
Sif Muna
Trog
Uskayaw
Vehumet
Wu Jian
Xom
Yredelemnul
Beogh

Shops:
D:10 ?[   Orc:2 :((!   Snake:2 (


Message History

The tentacle is moderately wounded.
The iceblast engulfs the tentacle.
The tentacle is moderately wounded.
Evoking this partially-identified wand wasted a few charges.
A tentacle segment bursts forth from the water.
You can't do that while held in a net.
You feel much better. The tentacle slaps you!!
The tentacle slaps you but does no damage.
The tentacle slaps you.
A tentacle segment bursts forth from the water. x2
The tentacle completely misses you. The tentacle slaps you!
The tentacle closely misses you.
Unknown command.
You feel much better. The tentacle misses you.
The tentacle slaps you but does no damage. x2
The tentacle slaps you! The tentacle barely misses you.
The tentacle slaps you!!
* * * LOW HITPOINT WARNING * * *
The tentacle slaps you!!
You die...

≈≈≈≈≈≈≈≈≈≈≈≈≈≈§
≈≈≈≈≈≈≈≈≈≈≈≈≈≈≈
≈≈≈≈≈≈≈≈≈≈≈≈X≈≈
≈≈≈≈≈≈≈≈≈≈≈≈≈≈≈
≈≈≈≈≈≈≈≈≈≈≈≈≈≈≈
≈≈≈≈≈≈≈≈≈**..
≈≈≈≈≈≈≈ww/#
≈≈≈.≈≈*@w#
≈≈.....?w#
≈≈....≈≈≈≈──
≈≈≈≈≈≈≈)≈≈m≈≈
≈≈≈.≈≈≈≈≈.≈≈≈≈≈
)....≈≈≈≈......
.####.≈≈≈|$#.#.
##≈≈≈.####


You could see a kraken, a merfolk, 4 tentacles and a friendly battlesphere.

Vanquished Creatures
  Vashnia (Snake:4)
  Rupert (D:12)
  A sphinx (D:12)
  A kraken (Shoals:1)
  A storm dragon (D:12)
  13 nagarajas
  Donald (Orc:2)
  Kirke (D:12)
  An orc warlord (D:9)
  A stone giant (Orc:1)
  A minotaur (Lab)
  4 merfolk javelineers (Shoals:1)
  3 merfolk impalers (Shoals:1)
  Erolcha (Orc:2)
  A fire dragon (Volcano)
  8 hydras
  Harold (D:10)
  25 naga warriors
  An alligator snapping turtle (Shoals:1)
  3 centaur warriors
  5 death yaks
  8 two-headed ogres
  3 ogre magi (Orc:2)
  9 anacondas
  Urug (D:13)
  8 shock serpents
  Nergalle (Orc:2)
  25 naga sharpshooters
  A skeletal warrior (D:12)
  The ghost of vuev the Grappler, a novice MiMo of Hepliaklqana (D:7)
  2 salamander mystics
  A deep troll (D:13)
  9 naga ritualists
  An unseen horror (D:10)
  6 sea snakes
  5 harpies (Shoals:1)
  6 mana vipers
  A wolf spider (D:12)
  An orc knight (Orc:2)
  A necromancer (IceCv)
  An ugly thing (D:13)
  12 salamanders
  2 fauns (Shoals:1)
  5 elephants (Lair:5)
  28 black mambas
  3 cyclopes
  4 manticores
  8 orc sorcerers
  4 oklob plants
  Maurice (D:11)
  3 ice statues (IceCv)
  Psyche (D:12)
  5 guardian serpents (Snake:4)
  18 naga magi
  A water nymph (Shoals:1)
  2 molten gargoyles (Lair:4)
  6 merfolk sirens (Shoals:1)
  2 gargoyles
  A rime drake (Lair:6)
  11 spiny frogs
  A kobold demonologist (D:10)
  8 komodo dragons
  11 ice devils (IceCv)
  6 trolls
  7 merfolk
  5 polar bears
  5 hornets
  3 wind drakes
  Grinder (D:5)
  11 dream sheep
  10 blink frogs
  6 hippogriffs
  10 spriggans (Lair:6)
  A water elemental (Shoals:1)
  2 wraiths (D:11)
  5 wyverns
  14 yaks
  Grum (D:9)
  Eustachio (D:6)
  11 fire bats (Volcano)
  17 humans
  3 basilisks
  A steam dragon (Volcano)
  3 hungry ghosts
  A vampire mosquito (D:13)
  Menkaure (D:7)
  2 hogs (D:12)
  2 wargs
  63 nagas
  10 porcupines
  8 water moccasins
  2 hell hounds (Lair:2)
  25 orc warriors
  4 sky beasts
  5 ice beasts
  6 phantoms
  5 black bears
  21 ogres
  A swamp drake (shapeshifter) (D:12)
  An eye of draining (D:13)
  A necrophage (D:7)
  5 boggarts (Lair:6)
  5 centaurs
  25 wolves
  14 crocodiles
  20 bullfrogs
  18 big kobolds
  A wyvern zombie (D:12)
  3 scorpions
  A troll zombie (D:9)
  5 wights (D:6)
  6 killer bees
  2 electric eels (Lair:6)
  3 howler monkeys (D:10)
  5 lava snakes (Lair:4)
  2 bullfrog zombies
  7 crimson imps
  A centaur zombie (D:12)
  A quasit (D:9)
  3 draconian simulacra (IceCv)
  17 orc priests
  6 centaur skeletons
  15 hounds
  39 orc wizards
  4 jellies
  A bullfrog skeleton (D:9)
  6 hell rats
  2 spriggan simulacra (IceCv)
  2 troll simulacra (IceCv)
  10 worker ants
  A killer bee zombie (D:8)
  A centaur simulacrum (IceCv)
  5 ogre zombies (D:9)
  3 hound skeletons
  2 hound zombies (D:11)
  7 gnolls
  A howler monkey skeleton (D:9)
  A howler monkey zombie (D:5)
  16 adders
  A naga simulacrum (IceCv)
  An ogre simulacrum (IceCv)
  2 river rats (D:11)
  4 shadow imps
  12 white imps (Lair:3)
  3 oozes
  2 adder skeletons
  2 adder zombies
  A worm (D:5)
  3 dart slugs
  4 leopard geckos
  89 orcs
  4 giant cockroaches
  11 hobgoblins
  8 jackals
  19 kobolds
  6 quokkas
  2 ball pythons
  12 bats
  3 frilled lizards
  5 goblins
  A goblin skeleton (D:9)
  3 goblin zombies (D:9)
  A jackal skeleton (D:4)
  2 orc skeletons (D:9)
  13 orc zombies (D:9)
  A quokka zombie (D:5)
  7 rats
  2 fulminant prisms
  11 plants
  3 tentacles
1088 creatures vanquished.

Vanquished Creatures (others)
  2 fire vortices (Shoals:2)
  40 fulminant prisms
  5 fungi
  14 plants
  11 tentacles
72 creatures vanquished.

Grand Total: 1160 creatures vanquished

Notes
Turn   | Place    | Note
-------+----------+-------------------------------------------
     0 | D:1      | vuev the Deep Elf Conjurer began the quest for the Orb.
     0 | D:1      | Reached XP level 1. HP: 10/10 MP: 6/6
   201 | D:1      | Reached XP level 2. HP: 15/15 MP: 0/8
   274 | D:1      | Learned a level 2 spell: Searing Ray
   311 | D:1      | Reached skill level 5 in Conjurations
   727 | D:1      | Reached XP level 3. HP: 19/19 MP: 6/10
  1083 | D:2      | Reached XP level 4. HP: 24/24 MP: 6/11
  1156 | D:2      | Reached skill level 4 in Spellcasting
  1550 | D:3      | Noticed a hungry ghost
  1786 | D:3      | Reached XP level 5. HP: 24/28 MP: 5/13
  1899 | D:3      | Killed a hungry ghost
  1899 | D:3      | Reached skill level 5 in Spellcasting
  1899 | D:3      | Reached XP level 6. HP: 31/32 MP: 6/16
  2101 | D:3      | Learned a level 4 spell: Iskenderun's Mystic Blast
  2304 | D:3      | Found a bloodstained altar of Trog.
  2864 | D:4      | Reached skill level 6 in Spellcasting
  3168 | D:4      | Reached XP level 7. HP: 33/36 MP: 6/18
  3682 | D:4      | Reached skill level 7 in Spellcasting
  4057 | D:5      | Entered Level 5 of the Dungeon
  4384 | D:5      | Noticed Grinder
  4391 | D:5      | Killed Grinder
  4391 | D:5      | Reached skill level 8 in Spellcasting
  4469 | D:5      | Reached XP level 8. HP: 39/41 MP: 9/22
  4550 | D:5      | Learned a level 4 spell: Fulminant Prism
  4551 | D:5      | Found an ornate altar of the Wu Jian Council.
  4827 | D:6      | Found an opulent altar of Gozag.
  4928 | D:6      | Noticed Eustachio
  4948 | D:6      | Killed Eustachio
  4948 | D:6      | Reached skill level 9 in Spellcasting
  5488 | D:6      | Reached skill level 10 in Spellcasting
  5644 | D:6      | Reached skill level 10 in Conjurations
  5841 | D:6      | Got a coiled tin ring
  5842 | D:6      | Identified the ring "Fiesis" {rElec rN+ EV+3} (You found it on level 6 of the Dungeon)
  6097 | D:7      | Got a crude long sword
  6098 | D:7      | Identified the +9 long sword of Hoaxieheiff {pain, Str+7 Dex+2} (You found it on level 7 of the Dungeon)
  6343 | D:7      | Noticed Menkaure
  6354 | D:7      | Killed Menkaure
  6354 | D:7      | Reached XP level 9. HP: 45/45 MP: 18/25
  6458 | D:7      | Reached skill level 11 in Spellcasting
  6652 | D:7      | Found a staircase to the Ecumenical Temple.
  6659 | Temple   | Entered the Ecumenical Temple
  6820 | Temple   | Became a worshipper of Vehumet
  6857 | D:7      | Noticed vuev's ghost (novice MiMo)
  6870 | D:7      | Killed vuev's ghost
  7624 | D:8      | Reached skill level 1 in Long Blades
  7624 | D:8      | Reached skill level 12 in Spellcasting
  7634 | D:8      | Paralysed by a hornet for 1 turns
  7974 | D:8      | Noticed a two-headed ogre
  7977 | D:8      | Killed a two-headed ogre
  8016 | D:8      | Reached XP level 10. HP: 42/50 MP: 19/28
  8192 | D:8      | Learned a level 4 spell: Force Lance
  8417 | D:8      | Reached * piety under Vehumet
  8417 | D:8      | Offered knowledge of Flame Tongue by Vehumet.
  8469 | D:8      | Learned a level 1 spell: Flame Tongue
  8479 | D:9      | Reached skill level 13 in Spellcasting
  8576 | D:9      | Found a large runed door.
  8577 | D:9      | Found a large runed door.
  8903 | D:9      | Reached skill level 1 in Fire Magic
  9225 | D:9      | Reached ** piety under Vehumet
  9228 | D:9      | Offered knowledge of Sting by Vehumet.
  9265 | D:9      | Found a staircase to the Orcish Mines.
  9543 | D:9      | Noticed a two-headed ogre
  9585 | D:9      | Killed a two-headed ogre
  9683 | D:9      | Found a large runed door.
  9684 | D:9      | Found a large runed door.
  9978 | D:9      | Noticed Grum
  9980 | D:9      | Killed Grum
 10091 | D:9      | Reached skill level 14 in Spellcasting
 10094 | D:9      | Offered knowledge of Conjure Flame by Vehumet.
 10266 | D:10     | Entered Level 10 of the Dungeon
 10332 | D:10     | Noticed a gargoyle
 10346 | D:10     | Killed a gargoyle
 10348 | D:10     | Reached XP level 11. HP: 45/54 MP: 3/31
 10369 | D:10     | Found Wostenydd's Magic Scroll Emporium.
 10376 | D:10     | Reached *** piety under Vehumet
 11041 | D:10     | Offered knowledge of Inner Flame by Vehumet.
 11049 | D:10     | Noticed Harold
 11081 | D:10     | Killed Harold
 11200 | D:10     | Killed an unseen horror
 11428 | D:10     | Reached skill level 5 in Dodging
 11444 | D:10     | Reached skill level 15 in Spellcasting
 11446 | D:10     | Noticed a two-headed ogre
 11455 | D:10     | Killed a two-headed ogre
 11455 | D:10     | Reached skill level 5 in Fire Magic
 11639 | D:10     | Found Mahorom's Armour Boutique.
 11649 | D:10     | Bought the +1 robe "Reagheon" {+Fly rPois Regen+ SInv} for 278 gold pieces
 11713 | D:10     | Bought a scroll of magic mapping for 42 gold pieces
 11713 | D:10     | Bought a scroll of teleportation for 36 gold pieces
 12312 | D:11     | Reached **** piety under Vehumet
 12373 | D:11     | Found a labyrinth entrance.
 12381 | Lab      | Entered a labyrinth
 12829 | Lab      | Noticed a minotaur
 12841 | Lab      | Killed a minotaur
 12902 | Lab      | Got a steaming gossamer ring
 12905 | Lab      | Identified the ring of Petun {rPois MP+9 Int+2} (You found it in a labyrinth)
 12915 | Lab      | Got a warped short sword
 12917 | Lab      | Identified the +5 short sword of Departure {elec, rPois} (You found it in a labyrinth)
 12986 | D:11     | Noticed a four-headed hydra
 12993 | D:11     | Killed a four-headed hydra
 13250 | D:11     | Noticed a death yak
 13277 | D:11     | Noticed a death yak
 13316 | D:11     | Killed a death yak
 13316 | D:11     | Reached XP level 12. HP: 59/59 MP: 33/33
 13392 | D:11     | Killed a death yak
 13392 | D:11     | Reached skill level 16 in Spellcasting
 13400 | D:11     | Noticed a death yak
 13405 | D:11     | Killed a death yak
 13405 | D:11     | Offered knowledge of Fireball by Vehumet.
 13415 | D:11     | Learned a level 5 spell: Fireball
 13430 | D:11     | Found a staircase to the Lair.
 13769 | Lair:1   | Entered Level 1 of the Lair of Beasts
 14337 | Lair:1   | Noticed a five-headed hydra
 14341 | Lair:1   | Killed a five-headed hydra
 14568 | Lair:2   | Found a dark tunnel.
 14574 | Volcano  | Entered a volcano
 14796 | Volcano  | Noticed a two-headed ogre
 14802 | Volcano  | Killed a two-headed ogre
 14999 | Volcano  | Reached skill level 15 in Conjurations
 15065 | Volcano  | Reached skill level 17 in Spellcasting
 15145 | Volcano  | Noticed a two-headed ogre
 15145 | Volcano  | Noticed a fire dragon
 15158 | Volcano  | Killed a fire dragon
 15165 | Volcano  | Killed a two-headed ogre
 15716 | Lair:2   | Noticed a five-headed hydra
 15721 | Lair:2   | Killed a five-headed hydra
 15721 | Lair:2   | Reached XP level 13. HP: 63/63 MP: 23/36
 16111 | Lair:2   | Reached ***** piety under Vehumet
 16190 | Lair:2   | Offered knowledge of Yara's Violent Unravelling by Vehumet.
 16810 | Lair:3   | Found a frozen archway.
 16886 | IceCv    | Entered an ice cave
 16976 | IceCv    | Reached skill level 18 in Spellcasting
 17599 | Lair:3   | Found a staircase to the Snake Pit.
 18074 | Lair:3   | Found a staircase to the Shoals.
 18422 | Lair:4   | Got a coiled bronze amulet
 18434 | Lair:4   | Identified the amulet "Axit" {+Rage rC- Dex+3 SInv} (You found it on level 4 of the Lair of Beasts)
 18777 | Lair:4   | Lost strength.
 19271 | Lair:5   | Reached skill level 19 in Spellcasting
 19549 | Lair:5   | Offered knowledge of Bolt of Draining by Vehumet.
 19605 | Lair:5   | Reached skill level 10 in Fire Magic
 20171 | Lair:6   | Entered Level 6 of the Lair of Beasts
 20172 | Lair:6   | Reached XP level 14. HP: 68/68 MP: 39/39
 20662 | Lair:6   | Found a staircase to the Slime Pits.
 22029 | Orc:1    | Entered Level 1 of the Orcish Mines
 22036 | Orc:1    | Noticed an orc warlord
 22145 | Orc:1    | HP: 1/68 [orc warlord/long sword (37)]
 22157 | D:9      | Killed an orc warlord
 22547 | Orc:1    | Noticed a stone giant
 22550 | Orc:1    | Killed a stone giant
 22754 | Orc:1    | You fall through a shaft!
 22754 | Orc:2    | Entered Level 2 of the Orcish Mines
 22773 | Orc:2    | Noticed Erolcha
 22890 | Orc:2    | Reached skill level 20 in Spellcasting
 22912 | Orc:2    | Offered knowledge of Irradiate by Vehumet.
 23116 | Orc:2    | Noticed Donald
 23125 | Orc:2    | Killed Donald
 23573 | Orc:2    | Killed Erolcha
 23654 | Orc:2    | Found a staircase to the Elven Halls.
 23882 | Orc:2    | Found Ykedd's Distillery.
 23913 | Orc:2    | Bought a potion of brilliance for 64 gold pieces
 23926 | Orc:2    | Noticed Nergalle
 23987 | Orc:2    | Killed Nergalle
 24028 | Orc:2    | Found an ancient bone altar of Kikubaaqudgha.
 24036 | Orc:2    | Found Kok Elui's Antique Weapon Boutique.
 24175 | Orc:2    | Paralysed by an ogre mage for 2 turns
 24319 | Orc:2    | Found a roughly hewn altar of Beogh.
 24319 | Orc:2    | Found Yxyr's Antique Weapon Boutique.
 24323 | Orc:2    | Found a radiant altar of Vehumet.
 24344 | Orc:2    | Found Ofen Aqo's Book Shop.
 25176 | D:12     | Noticed Maurice
 25180 | D:11     | Killed Maurice
 25273 | D:12     | Noticed Psyche
 25275 | D:12     | Killed Psyche
 25317 | D:12     | Noticed Rupert
 25317 | D:12     | Paralysed by Rupert for 4 turns
 25324 | D:12     | Killed Rupert
 25324 | D:12     | Reached XP level 15. HP: 57/72 MP: 33/41
 26268 | D:12     | Noticed Kirke
 26271 | D:12     | Killed Kirke
 26469 | D:12     | Noticed a storm dragon
 26496 | D:12     | Noticed a sphinx
 26499 | D:12     | Killed a sphinx
 26504 | D:12     | Killed a storm dragon
 26751 | D:12     | Got a vibrating iron amulet
 26825 | D:12     | Identified the amulet of the Death Scarab {Gourm MP+9} (You took it off a centaur warrior on level 12 of the Dungeon)
 27055 | D:13     | Found a gate to the Vaults.
 27055 | D:13     | Noticed Urug
 27101 | D:13     | Offered knowledge of Iskenderun's Battlesphere by Vehumet.
 27118 | D:13     | Learned a level 5 spell: Iskenderun's Battlesphere
 27178 | D:13     | Found a roughly hewn altar of Beogh.
 27240 | D:13     | Reached skill level 21 in Spellcasting
 27475 | D:13     | Reached ****** piety under Vehumet
 27674 | D:13     | Killed Urug
 28362 | D:10     | Bought a scroll of acquirement for 624 gold pieces
 28412 | D:10     | Learned a level 8 spell: Ignition
 28627 | Snake:1  | Entered Level 1 of the Snake Pit
 28822 | Snake:1  | Offered knowledge of Iron Shot by Vehumet.
 29974 | Snake:2  | Reached XP level 16. HP: 76/76 MP: 43/43
 30076 | Snake:2  | Found a shadowy altar of Dithmenos.
 30106 | Snake:2  | Found Xizef's Antique Weapon Shop.
 30856 | Snake:3  | Reached skill level 22 in Spellcasting
 31230 | Snake:3  | Got a wavering wooden ring
 31231 | Snake:3  | Identified the ring "Durheile" {rC+ rN+ Str+3} (You acquired it on level 3 of the Snake Pit)
 31544 | Snake:4  | Entered Level 4 of the Snake Pit
 32186 | Snake:4  | Offered knowledge of Spellforged Servitor by Vehumet.
 32201 | Snake:4  | Noticed Vashnia
 32204 | Snake:4  | Killed Vashnia
 32204 | Snake:4  | Reached skill level 15 in Fire Magic
 32621 | Snake:4  | Got an ancient bone ring
 32622 | Snake:4  | Identified the ring of Ryeleklomait {Ice rPois Dex+3} (You found it on level 4 of the Snake Pit)
 32802 | Snake:4  | Reached XP level 17. HP: 71/80 MP: 27/45
 32810 | Snake:4  | Reached skill level 23 in Spellcasting
 34273 | Snake:4  | Offered knowledge of Bolt of Fire by Vehumet.
 34421 | Snake:4  | Learned a level 6 spell: Bolt of Fire
 34674 | Snake:4  | Got a serpentine rune of Zot
 35620 | Shoals:1 | Entered Level 1 of the Shoals
 35970 | Shoals:1 | Noticed a kraken
 35983 | Shoals:1 | Killed a kraken
 35983 | Shoals:1 | Reached skill level 24 in Spellcasting
 36307 | Shoals:1 | Reached XP level 18. HP: 72/85 MP: 48/48
 36401 | Shoals:1 | Offered knowledge of Lehudib's Crystal Spear by Vehumet.
 36401 | Shoals:1 | Offered knowledge of Fire Storm by Vehumet.
 36401 | Shoals:1 | Offered knowledge of Chain Lightning by Vehumet.
 36500 | Shoals:1 | Learned a level 9 spell: Fire Storm
 36768 | Shoals:2 | Slain by a tentacle

Vault maps used:
D:1:      dpeg_chamrin_arrival_tetris, serial_forest, infiniplex_forest_lined_3,
          infiniplex_forest_clump_tiny, infiniplex_forest_side_room,
          infiniplex_forest_corner_2, infiniplex_forest_corner_2,
          infiniplex_forest_lined_ring
D:3:      lightli_temple_of_fire, first_bread
D:4:      sigmund_army
D:5:      basic_altar, uniq_grinder
D:6:      basic_altar, hex_medium, corexii_item_surrounded_by_moat,
          uniq_eustachio
D:7:      minmay_temple_entry_statues_pillars, uniq_menkaure
D:9:      zombieorc1_lemuel, minmay_hollow_rounded_squares, uniq_grum
D:10:     serial_shops, shop, shop, special_room, uniq_harold
D:11:     dpeg_lair_monsters, lab_entry_generic
D:12:     minmay_sliced_demisemicircle, uniq_maurice, uniq_nergalle, uniq_kirke,
          uniq_psyche, uniq_rupert
D:13:     david_vaults_3, blue_anna_alchemist
Temple:   roderic_octagonal_lattice_temple
Lair:2:   enter_volcano_3, beast_lair_carwin_9, minmay_lair_oklob_chamber,
          infiniplex_staircase_pool_2
Lair:3:   elwin_shoals_entry_rooms, dummy_snake_entry,
          portal_ice_cave_entry_imps
Lair:4:   cheibrodos_magma_flow
Lair:5:   hangedman_lair_generics_rect
Lair:6:   minmay_lair_end_enchanted_forest, minmay_slime_entry_oklob_open,
          nicolae_quartered_pool_medium
Shoals:1: abandoned_shop, nicolae_shoals_mertower
Shoals:2: cheibrodos_shoals_oceanic_diplomacy, serial_shops,
          nicolae_shop_overgrown_old_shop
Snake:2:  basic_altar, minmay_shop_star
Snake:4:  grunt_snake_rune_spirals, uniq_vashnia
Orc:1:    lightli_orcish_oven
Orc:2:    kennysheep_orc_mage_school, nicolae_orc_rich_vein, uniq_donald,
          uniq_erolcha
Lab:      nicolae_lab_dead_adventurers, nicolae_lab_diamond
IceCv:    ice_cave_tombish
Volcano:  pf_volcano_lost_world

Skill      XL: |  1  2  3  4  5  6  7  8  9 10 11 12 13 14 15 16 17 |
---------------+----------------------------------------------------+-----
Conjurations   | 5 6 7 8 10 11 12 14 15 16 17 18 19 20 | 20.5
Spellcasting   | 4 5 6 8 10 12 14 15 17 19 20 21 22 24 | 24.2
Long Blades    | 1 2 |  2.0
Dodging        | 3 4 5 6 |  6.6
Fire Magic     | 4 6 8 10 11 13 15 16 | 16.8
Fighting       | |  0.2
Stealth        | |  2.4
Charms         | |  0.4

Action                   |  1- 3 |  4- 6 |  7- 9 | 10-12 | 13-15 | 16-18 || total
-------------------------+-------+-------+-------+-------+-------+-------++-------
Melee: Staff             |       |       |       |     3 |     1 |       ||     4
 Cast: Magic Dart        |    60 |    38 |    41 |    26 |    34 |     4 ||   203
       Searing Ray       |     2 |    34 |    75 |    99 |    56 |     1 ||   267
       Iskenderun's Myst |       |       |    26 |   126 |   155 |    68 ||   375
       Force Lance       |       |       |       |    61 |   101 |     4 ||   166
       Fulminant Prism   |       |       |       |    18 |    23 |     1 ||    42
       Fireball          |       |       |       |     6 |   331 |   183 ||   520
       Iskenderun's Batt |       |       |       |       |    33 |   147 ||   180
       Ignition          |       |       |       |       |     1 |     7 ||     8
       Bolt of Fire      |       |       |       |       |       |    85 ||    85
       Fire Storm        |       |       |       |       |       |     1 ||     1
 Abil: Evoke Flight      |       |       |       |       |     1 |       ||     1
Evoke: Wand              |       |       |       |       |       |     1 ||     1
  Use: Scroll            |       |       |     1 |    11 |    16 |    10 ||    38
       Potion            |       |       |     5 |     4 |     3 |     3 ||    15
  Eat: Chunk             |       |     8 |    11 |    10 |    44 |    22 ||    95
       Bread ration      |       |       |     1 |     3 |     1 |       ||     5
       Fruit             |       |       |       |       |     4 |       ||     4
Armor: Robe              |       |     5 |     1 |    26 |    20 |     8 ||    60
Dodge: Dodged            |     4 |    18 |    35 |   141 |    93 |    23 ||   314
       Rpst.: Long sword |       |       |     7 |     5 |       |       ||    12
